 Dungeon Sprint DCSS version 0.30.0-29-ga12c61a403 (webtiles) character file.

Game seed: 17412440227962547302

7100000 Revguard the Intangible (level 27, -2/228 HPs)
             Began as a Djinni Warper on June 19, 2023.
             Was the Champion of Makhleb.
             Slain by a large bag of meat
             ... wielding a +9 giant spiked club
              (97 damage)
             ... in the Dungeon (Sprint VIII: "Arena of Blood").
             The game lasted 00:09:19 (71 turns).

Revguard the Intangible (Djinni Warper)               Turns: 71, Time: 00:09:19

Health: -2/228     AC:  6    Str: 10    XL:     27
Gold:   0          EV: 31    Int: 22    God:    Makhleb [******] SH:  0 Dex: 20

rFire   + + .        i - +∞ Axe of Woe
rCold   x . .        (shield currently unavailable)
rNeg    . . .        b - +0 leather armour
rPois   ∞            (no helmet)
rElec   .            (no cloak)
rCorr   .            (no gloves)
SInv    .            (boots unavailable)
Will    ++...        (no amulet)
Stlth   ++++++++++   (no ring)
HPRegen 0.58/turn    (no ring)
MPRegen 0.00/turn

%: no teleportation, infuse magic (-3 HP)
@: flying
A: sickness immunity, fire resistance 2, cold vulnerability 1, float, innate
caster, HP casting, extra vitality 1
a: Renounce Religion, Minor Destruction, Lesser Servant of Makhleb, Major
Destruction, Greater Servant of Makhleb


You were in the Dungeon.
You worshipped Makhleb.
Makhleb was exalted by your worship.
You visited 1 branch

Inventory:

Hand Weapons
 a - a +0 hand axe
 i - the +∞ Axe of Woe (weapon)
   (You found it in the Dungeon)
Missiles
 d - 7 boomerangs of dispersal
Armour
 b - a +0 leather armour (worn)
Scrolls
 c - 2 scrolls of blinking
Potions
 e - a potion of curing
 f - a potion of heal wounds
 g - a potion of haste
 h - a potion of berserk rage


   Skills:
 O Level 27 Fighting
 O Level 27 Short Blades
 O Level 27 Long Blades
 O Level 27 Axes
 O Level 27 Maces & Flails
 O Level 27 Polearms
 O Level 27 Staves
 O Level 27 Ranged Weapons
 O Level 27 Throwing
 O Level 27 Armour
 O Level 27 Dodging
 O Level 27 Stealth
 O Level 27 Shields
 O Level 27 Unarmed Combat
 O Level 27 Spellcasting
 O Level 27 Invocations
 O Level 27 Evocations


You knew the following spells:

 Your Spells              Type           Power      Damage    Failure   Level
a - Blink                 Tloc           100%       N/A       0%          2
b - Lesser Beckoning      Tloc           100%       N/A       0%          2
c - Vhi's Electric Charg  Tloc/Air       100%       N/A       0%          3
d - Teleport Other        Tloc           99%        N/A       0%          3
e - Manifold Assault      Tloc           99%        N/A       0%          4
f - Magic Dart            Conj           100%       1d8       0%          1
g - Passwall              Tmut/Erth      82%        N/A       0%          2
h - Ozocubu's Armour      Ice            99%        N/A       0%          3
i - Stone Arrow           Conj/Erth      100%       3d13      0%          3
j - Summon Mana Viper     Hex/Summ       99%        N/A       0%          5
k - Alistair's Intoxicat  Tmut/Pois      66%        N/A       0%          5
l - Starburst             Conj/Fire      49%        6d14      0%          6
m - Malign Gateway        Summ/Tloc      49%        N/A       0%          7
n - Spellforged Servitor  Conj/Summ      49%        N/A       0%          7
o - Ozocubu's Refrigerat  Ice            49%        4d18      0%          7
p - Discord               Hex            49%        N/A       1%          8
q - Infestation           Necr           49%        N/A       1%          8
r - Shatter               Erth           49%        3d38*     1%          9
Your spell library was empty.

Dungeon Overview and Level Annotations

Branches:
Dungeon (1/1)

Altars:
Makhleb


Innate Abilities, Weirdness & Mutations

You are immune to sickness and miasma.
You are immune to poison.
Your flesh is very heat resistant. (rF++)
You are vulnerable to cold. (rC-)
You float through the air rather than walking.
You learn spells naturally, not from books.
Your magical power is your life essence.
You have superior vitality. (+4 MHP)


Message History

A large bag of meat comes into view. It is wielding a +9 giant spiked club.
You hear a shout!
Something hits the bag of meat.
Something drains the bag of meat's vigour!
The bag of meat seems to slow down.
You hear a shout! x2
The bag of meat closely misses the meat berserker.
The bag of meat hits something with a +9 war axe!
The bag of meat hits something with a +9 war axe!!
The bag of meat hits something with a +9 war axe.
The sculptor of flesh completely misses the death scarab.
The meat beast bites the death scarab!!!
The death scarab is destroyed!
You hear a shout! x3
Casting: Manifold Assault (safe; 0% risk of failure)
Press: ? - help, Q - select action, (/) - cycle Dir - look around, f - activate Space momentarily warps into an impossible shape!
You hit the meat berserker but do no damage.
You hew the meat berserker savagely.
You kill the meat berserker!
Makhleb accepts your kill.
You feel better.
You slice the meat berserker!!
You fatally mangle the meat berserker.
You kill the meat berserker!
Makhleb accepts your kill.
You slice the destroyer!!
You hew the destroyer savagely.
You blow up the destroyer!
Makhleb accepts your kill.
You feel better.
You hit the bag of meat but do no damage.
You dissect the bag of meat like a pig carcass.
You kill the bag of meat!
Makhleb accepts your kill.
You feel better.
A death scarab bursts from the destroyer!
The destroyer hits your death scarab with a +9 heavy great sword!!!!!!
Your death scarab is destroyed!
The large bag of meat hits you with a +9 giant spiked club!!!!
You die...

.. .. .. .. #.
.# #§. ..#
O###§§ ..###)
o).§)§###)).)))
)z.☼§§)@O)V.).o
V.)2#).)9.#)..)
) #_)<)_# )
#....)#
...)._.....
.....)###......
.###.) ..###.
#). ..# #.. ..#


You could see a destroyer (distracted), a sculptor of flesh (infested, ally
target), a large bag of meat (inner flame), a bag of meat, a neutral meat beast
(fast, strong, insane, distracted, infested), a neutral destroyer (fast, strong,
insane, unaware), a neutral large bag of meat (fast, inner flame, strong,
insane), a neutral bag of meat (fast, strong, insane, distracted, slow) and a
friendly spellforged servitor (summoned).

Vanquished Creatures
  A wraith (D)
  8 vampire knights (D)
  37 ogres (D)
  5 two-headed ogres (D)
  6 liches (D)
  A hydra (D)
  42 orcs (D)
  3 skeletal warriors (D)
103 creatures vanquished.

Vanquished Creatures (collateral kills)
  3 orcs (D)
3 creatures vanquished.

Vanquished Creatures (others)
  6 orcs (D)
  3 eldritch tentacles (D)
9 creatures vanquished.

Grand Total: 115 creatures vanquished

Notes
Turn   | Place    | Note
-------+----------+-------------------------------------------
     0 | D        | Found the +∞ Axe of Woe
     0 | D        | Revguard the Djinni Warper began the quest for the Orb.
     0 | D        | Revguard set off with the following spells memorised:
                  | Blink, Lesser Beckoning, Vhi's Electric Charge, Teleport
                  | Other, Manifold Assault.
     0 | D        | Reached XP level 1. HP: 18/18 MP: 0/0
     3 | D        | Became a worshipper of Makhleb the Destroyer
     5 | D        | Noticed a bag of meat
     6 | D        | Noticed a bag of meat
     8 | D        | Noticed a bag of meat
     8 | D        | Noticed a bag of meat
    10 | D        | Killed a bag of meat
    11 | D        | Reached skill level 10 in Armour
    11 | D        | Reached skill level 10 in Invocations
    11 | D        | Reached XP level 2. HP: 37/37 MP: 0/0
    11 | D        | Reached XP level 3. HP: 42/42 MP: 0/0
    11 | D        | Learned a level 1 spell: Magic Dart
    11 | D        | Reached XP level 4. HP: 49/49 MP: 0/0
    11 | D        | Reached XP level 5. HP: 53/53 MP: 0/0
    11 | D        | Learned a level 2 spell: Passwall
    11 | D        | Reached XP level 6. HP: 59/59 MP: 0/0
    11 | D        | Reached XP level 7. HP: 65/65 MP: 0/0
    11 | D        | Learned a level 3 spell: Ozocubu's Armour
    11 | D        | Reached XP level 8. HP: 71/71 MP: 0/0
    11 | D        | Reached XP level 9. HP: 76/76 MP: 0/0
    11 | D        | Learned a level 3 spell: Stone Arrow
    11 | D        | Reached XP level 10. HP: 82/82 MP: 0/0
    11 | D        | Reached XP level 11. HP: 87/87 MP: 0/0
    11 | D        | Learned a level 5 spell: Summon Mana Viper
    11 | D        | Killed a bag of meat
    11 | D        | Reached * piety under Makhleb
    11 | D        | Noticed a bag of meat
    11 | D        | Noticed a bag of meat
    12 | D        | Reached skill level 10 in Axes
    12 | D        | Reached skill level 10 in Spellcasting
    12 | D        | Reached XP level 12. HP: 96/96 MP: 0/0
    12 | D        | Killed a bag of meat
    12 | D        | Noticed a meat berserker
    12 | D        | Noticed a meat berserker
    13 | D        | Reached skill level 15 in Dodging
    13 | D        | Reached XP level 13. HP: 104/104 MP: 0/0
    13 | D        | Learned a level 5 spell: Alistair's Intoxication
    13 | D        | Killed a meat berserker
    13 | D        | Killed a bag of meat
    13 | D        | Reached ** piety under Makhleb
    13 | D        | Killed a bag of meat
    13 | D        | Noticed a bag of meat
    14 | D        | Reached XP level 14. HP: 117/117 MP: 0/0
    14 | D        | Noticed a meat berserker
    14 | D        | Noticed a meat berserker
    15 | D        | Killed a bag of meat
    15 | D        | Killed a meat berserker
    15 | D        | Reached *** piety under Makhleb
    15 | D        | Killed a meat berserker
    15 | D        | Noticed a meat berserker
    16 | D        | Reached skill level 15 in Spellcasting
    16 | D        | Reached XP level 15. HP: 129/129 MP: 0/0
    16 | D        | Learned a level 6 spell: Starburst
    16 | D        | Reached XP level 16. HP: 135/135 MP: 0/0
    16 | D        | Killed a meat berserker
    16 | D        | Killed a meat berserker
    17 | D        | Reached XP level 17. HP: 145/145 MP: 0/0
    17 | D        | Learned a level 7 spell: Malign Gateway
    17 | D        | Noticed a destroyer
    18 | D        | Killed a destroyer
    18 | D        | Reached **** piety under Makhleb
    18 | D        | Noticed a meat berserker
    19 | D        | Killed a meat berserker
    20 | D        | Reached XP level 18. HP: 157/157 MP: 0/0
    21 | D        | Noticed a large bag of meat
    21 | D        | Reached ***** piety under Makhleb
    21 | D        | Killed a large bag of meat
    22 | D        | Noticed a destroyer
    22 | D        | Noticed a meat berserker
    23 | D        | Reached XP level 19. HP: 167/167 MP: 0/0
    23 | D        | Learned a level 7 spell: Spellforged Servitor
    23 | D        | Killed a meat berserker
    23 | D        | Reached ****** piety under Makhleb
    23 | D        | Killed a destroyer
    24 | D        | Reached skill level 27 in Fighting
    24 | D        | Reached skill level 27 in Armour
    24 | D        | Reached skill level 27 in Dodging
    24 | D        | Reached skill level 27 in Invocations
    24 | D        | Reached XP level 20. HP: 181/181 MP: 0/0
    24 | D        | Noticed a large bag of meat
    25 | D        | Killed a large bag of meat
    25 | D        | Noticed a large bag of meat
    25 | D        | Noticed a destroyer
    26 | D        | Killed a destroyer
    26 | D        | Killed a large bag of meat
    26 | D        | Noticed a meat berserker
    27 | D        | Reached skill level 27 in Axes
    27 | D        | Reached skill level 27 in Spellcasting
    27 | D        | Reached XP level 21. HP: 187/187 MP: 0/0
    27 | D        | Learned a level 7 spell: Ozocubu's Refrigeration
    27 | D        | Killed a meat berserker
    27 | D        | Noticed an eight-headed meat hydra
    27 | D        | Noticed a meat berserker
    28 | D        | Reached skill level 5 in Short Blades
    28 | D        | Reached skill level 5 in Long Blades
    28 | D        | Reached skill level 5 in Maces & Flails
    28 | D        | Reached skill level 5 in Polearms
    28 | D        | Reached skill level 5 in Staves
    28 | D        | Reached skill level 5 in Ranged Weapons
    28 | D        | Reached skill level 5 in Throwing
    28 | D        | Reached skill level 5 in Stealth
    28 | D        | Killed an eight-headed meat hydra
    28 | D        | Killed a meat berserker
    29 | D        | Noticed a destroyer
    29 | D        | Noticed a meat berserker
    30 | D        | Killed a meat berserker
    30 | D        | Killed a destroyer
    31 | D        | Reached skill level 10 in Short Blades
    31 | D        | Reached skill level 10 in Long Blades
    31 | D        | Reached skill level 10 in Staves
    31 | D        | Reached skill level 10 in Stealth
    31 | D        | Reached XP level 22. HP: 194/194 MP: 0/0
    31 | D        | Noticed a meat berserker
    32 | D        | Killed a meat berserker
    33 | D        | Reached skill level 10 in Maces & Flails
    33 | D        | Reached skill level 10 in Polearms
    33 | D        | Reached skill level 10 in Ranged Weapons
    33 | D        | Reached skill level 10 in Throwing
    33 | D        | Noticed a destroyer
    35 | D        | Killed a destroyer
    35 | D        | Noticed a meat berserker
    36 | D        | Reached XP level 23. HP: 201/201 MP: 0/0
    36 | D        | Learned a level 8 spell: Discord
    36 | D        | Noticed a large bag of meat
    37 | D        | Reached skill level 15 in Shields
    37 | D        | Reached skill level 15 in Unarmed Combat
    37 | D        | Reached skill level 15 in Evocations
    39 | D        | Killed a large bag of meat
    40 | D        | Reached skill level 15 in Short Blades
    40 | D        | Reached skill level 15 in Long Blades
    40 | D        | Reached skill level 15 in Staves
    40 | D        | Reached skill level 15 in Stealth
    41 | D        | Reached XP level 24. HP: 205/208 MP: 0/0
    43 | D        | Noticed a destroyer
    46 | D        | Reached skill level 15 in Maces & Flails
    46 | D        | Reached skill level 15 in Polearms
    46 | D        | Reached skill level 15 in Ranged Weapons
    46 | D        | Reached skill level 15 in Throwing
    47 | D        | Noticed a destroyer
    48 | D        | Noticed a destroyer
    49 | D        | Reached XP level 25. HP: 211/214 MP: 0/0
    49 | D        | Learned a level 8 spell: Infestation
    50 | D        | Killed a destroyer
    50 | D        | Killed a destroyer
    52 | D        | Reached XP level 26. HP: 217/221 MP: 0/0
    54 | D        | Noticed a tyrant
    54 | D        | Killed a tyrant
    55 | D        | Noticed a tyrant
    56 | D        | Noticed a tyrant
    56 | D        | Killed a tyrant
    57 | D        | Reached XP level 27. HP: 225/228 MP: 0/0
    57 | D        | Learned a level 9 spell: Shatter
    57 | D        | Killed a tyrant
    58 | D        | Noticed a tyrant
    59 | D        | Killed a tyrant
    59 | D        | Noticed a tyrant
    60 | D        | Reached skill level 27 in Shields
    60 | D        | Reached skill level 27 in Unarmed Combat
    60 | D        | Reached skill level 27 in Evocations
    62 | D        | Killed a tyrant
    62 | D        | Noticed a large bag of meat
    63 | D        | Killed a large bag of meat
    64 | D        | Reached skill level 27 in Short Blades
    64 | D        | Reached skill level 27 in Long Blades
    64 | D        | Reached skill level 27 in Staves
    64 | D        | Reached skill level 27 in Stealth
    64 | D        | Noticed a tyrant
    65 | D        | Noticed a dread
    65 | D        | Killed a dread
    65 | D        | Killed a tyrant
    66 | D        | Reached skill level 27 in Maces & Flails
    66 | D        | Reached skill level 27 in Polearms
    66 | D        | Reached skill level 27 in Ranged Weapons
    66 | D        | Reached skill level 27 in Throwing
    66 | D        | Noticed a destroyer
    67 | D        | Noticed a large bag of meat
    68 | D        | Noticed a meat beast
    70 | D        | HP: 9/228 [large bag of meat/+9 giant spiked club (114)]
    70 | D        | Noticed a large bag of meat
    71 | D        | Noticed a destroyer
    71 | D        | Killed a destroyer
    71 | D        | Slain by a large bag of meat

Illustrated notes

Levels and vault maps discovered:
D:        meatsprint

Skill      XL: |  1  2  3  4  5  6  7  8  9 10 11 12 13 14 15 16 17 18 19 20 21 22 23 24 25 26 27 |
---------------+----------------------------------------------------------------------------------+-----
Fighting       | 11 12 13 16 19 20 23 24 27 | 27.0
Axes           | 9 10 11 14 16 17 19 21 23 27 | 27.0
Armour         | 10 12 13 16 19 20 23 24 27 | 27.0
Dodging        | 12 13 15 18 20 22 24 26 27 | 27.0
Spellcasting   | 9 10 11 13 15 16 18 20 21 27 | 27.0
Invocations    | 10 12 13 16 18 20 22 24 27 | 27.0
Short Blades   | 3 10 13 15 18 21 23 27 | 27.0
Long Blades    | 3 10 13 15 18 21 23 27 | 27.0
Maces & Flails | 3 9 12 14 17 19 21 27 | 27.0
Polearms       | 3 9 12 14 17 19 21 27 | 27.0
Staves         | 3 10 13 15 18 21 23 27 | 27.0
Ranged Weapons | 3 9 12 14 17 19 21 27 | 27.0
Throwing       | 3 9 12 14 17 19 22 27 | 27.0
Stealth        | 3 10 13 15 18 21 23 27 | 27.0
Shields        | 4 11 14 17 20 22 25 27 | 27.0
Unarmed Combat | 4 11 14 17 20 22 25 27 | 27.0
Evocations     | 4 11 14 17 20 22 25 27 | 27.0

Action                     |  1- 3 |  4- 6 |  7- 9 | 10-12 | 13-15 | 16-18 | 19-21 | 22-24 | 25-27 || total
---------------------------+-------+-------+-------+-------+-------+-------+-------+-------+-------++-------
  Melee: Executioner's axe |     1 |       |       |     2 |     6 |    11 |    15 |    18 |    55 ||   108
   Cast: Manifold Assault  |       |       |       |       |     2 |     4 |     6 |     7 |    14 ||    33
         Ozocubu's Armour  |       |       |       |       |     1 |       |       |       |       ||     1
         Malign Gateway    |       |       |       |       |       |     1 |       |     2 |       ||     3
         Spellforged Servi |       |       |       |       |       |       |     2 |       |     1 ||     3
         Discord           |       |       |       |       |       |       |       |     3 |     2 ||     5
         Infestation       |       |       |       |       |       |       |       |       |     5 ||     5
  Dodge: Dodged            |       |       |       |     1 |       |       |       |       |       ||     1
